 Dungeon Crawl Stone Soup version 0.31.0-32-g396128a36d (webtiles) character file.

Game seed: 4258987330834184784

291 601d51SH the Shield-Bearer (level 6, -4/53 HPs)
             Began as a Gnoll Fighter on Apr 2, 2024.
             Slain by an ogre
             ... wielding a +0 giant club
              (21 damage)
             ... on level 6 of the Dungeon.
             The game lasted 00:04:58 (3533 turns).

601d51SH the Shield-Bearer (Gnoll Fighter)          Turns: 3533, Time: 00:04:58

Health: -4/53      AC:  9    Str: 17    XL:     6   Next: 32%
Magic:  9/9        EV: 11    Int:  7    God:
Gold:   256        SH:  5    Dex: 12    Spells: 9/9 levels left

rFire   . . .        g - +5 short sword
rCold   + . .        c - +0 buckler
rNeg    . . .        j - +2 ring mail {rC+}
rPois   .            s - +0 helmet
rElec   .            (no cloak)
rCorr   +            (no gloves)
SInv    .            (no boots)
Will    .....        (no amulet)
Stlth   +            x - ring of resist corrosion
HPRegen 0.28/turn    (no ring)
MPRegen 0.11/turn

%: no passive effects
@: no status effects
A: fangs 1, strong nose, distributed training
a: no special abilities


You were on level 6 of the Dungeon.
You visited 2 branches of the dungeon, and saw 7 of its levels.

You collected 256 gold pieces.

Inventory:

Hand Weapons
 a - a +0 war axe
 g - a +5 short sword (weapon)
 m - a +4 mace
Missiles
 l - 3 silver javelins (quivered)
Armour
 b - a +0 scale mail
 c - a +0 buckler (worn)
 j - a +2 ring mail of cold resistance (worn)
 s - a +0 helmet (worn)
Jewellery
 x - a ring of resist corrosion (left hand)
Wands
 r - a wand of flame (1)
Scrolls
 f - 5 scrolls of identify {unknown}
 i - a scroll of silence {unknown}
 n - a scroll of poison {unknown}
 o - 4 scrolls of summoning {unknown}
 p - a scroll of vulnerability {unknown}
 t - a scroll of teleportation {unknown}
 u - a scroll of amnesia {unknown}
 v - a scroll of noise {unknown}
Potions
 e - a potion of resistance {unknown}
 h - 3 potions of mutation {unknown}
 k - 2 potions of heal wounds {unknown}
 q - a potion of curing {unknown}
 w - a potion of degeneration {unknown}
 z - a potion of berserk rage {unknown}
 A - a potion of lignification {unknown}


   Skills:
 + Level 6.8 Fighting
 + Level 2.0 Short Blades
 + Level 2.0 Long Blades
 + Level 5.0 Axes
 + Level 2.0 Maces & Flails
 + Level 2.0 Polearms
 + Level 2.0 Staves
 + Level 2.0 Ranged Weapons
 + Level 2.0 Throwing
 + Level 6.8 Armour
 + Level 2.0 Dodging
 + Level 2.0 Stealth
 + Level 6.8 Shields
 + Level 2.0 Unarmed Combat
 + Level 2.0 Spellcasting
 + Level 1.5 Conjurations
 + Level 1.5 Hexes
 + Level 1.5 Summonings
 + Level 1.5 Necromancy
 + Level 1.5 Translocations
 + Level 1.5 Fire Magic
 + Level 1.5 Ice Magic
 + Level 1.5 Air Magic
 + Level 1.5 Earth Magic
 + Level 1.5 Alchemy
 + Level 2.2 Invocations
 + Level 2.0 Evocations
 + Level 1.8 Shapeshifting


You had 9 spell levels left.
You didn't know any spells.
Your spell library contained the following spells:

 Spells                   Type           Power      Damage    Failure   Level
 Apportation              Tloc           4%         N/A       38%         1
 Jinxbite                 Hex            4%         N/A       54%         2
 Gell's Gravitas          Tloc           2%         N/A       77%         3
 Teleport Other           Tloc           2%         N/A       77%         3
 Alistair's Intoxication  Alch           1%         N/A       100%        5
 Dispersal                Tloc           1%         N/A       100%        6


Dungeon Overview and Level Annotations

Branches:
Dungeon (7/15)             Temple (1/1) D:4

Altars:
Cheibriados
Dithmenos
Elyvilon
Gozag
Kikubaaqudgha
Makhleb
Okawaru
Qazlal
Ru
Uskayaw
Vehumet
Wu Jian
Xom
Yredelemnul
Zin
The Shining One


Innate Abilities, Weirdness & Mutations

You have very sharp teeth.
Your uncanny sense of smell can sniff out nearby items.
Your experience applies equally to all skills.


Message History

Your Long Blades skill increases to level 2!
Your Maces & Flails skill increases to level 2!
Your Polearms skill increases to level 2!
Your Staves skill increases to level 2!
Your Ranged Weapons skill increases to level 2!
Your Throwing skill increases to level 2!
Your Dodging skill increases to level 2!
Your Stealth skill increases to level 2!
Your Unarmed Combat skill increases to level 2!
Your Spellcasting skill increases to level 2!
Your Evocations skill increases to level 2!
You puncture the sleepcap!
The sleepcap is heavily damaged.
The sleepcap releases spores at you but does no damage.
The sleepcap barely misses you. The sleepcap misses you.
You hit the sleepcap. You bite the sleepcap.
The sleepcap is heavily damaged.
You block the sleepcap's attack.
Something hits the bush but does no damage.
You hit the sleepcap but do no damage.
You bite the sleepcap, but do no damage.
The sleepcap is heavily damaged.
You feel a little less mighty now. You block the sleepcap's attack.
You hit the sleepcap.
The sleepcap is severely damaged.
The sleepcap releases spores at you. The ogre attacks as it pursues you!
The ogre hits you with a +0 giant club! The sleepcap closely misses you.
You see here 12 gold pieces.
You hear the slow rusting of a drain nearby.
The ogre attacks as it pursues you! The ogre closely misses you.
You puncture the ogre! You bite the ogre.
The ogre is moderately wounded.
You hit the ogre but do no damage.
The ogre is moderately wounded.
A gnoll comes into view.
It is wielding a +2 falchion of holy wrath.
The ogre hits you with a +0 giant club!!
You die...

(...P. ..P......
..g.P.PPP.P....#
#..............#
#...PPPPPPP....#
##..............#
.....!..).......#
#........>.....#
###.....f....$.##
.......@O.$...##
#.#########..##
#)..# ##)#.#
#).#.# #.##$. ...
### ##.. ##.


You could see an ogre, a sleepcap and a gnoll (wandering).

Vanquished Creatures
  A crimson imp (D:3)
  An orc priest (D:2)
  Terence (D:2)
  Natasha (D:4)
  An orc wizard (D:6)
  Robin (D:4)
  A gnoll (D:6)
  2 adders
  2 ufetubi (D:6)
  2 dart slugs (D:1)
  3 ribbon worms (D:2)
  12 orcs
  9 ball pythons
  7 endoplasms
  A giant cockroach (D:1)
  12 goblins
  7 hobgoblins
  2 jackals (D:1)
  3 kobolds
  2 quokkas (D:3)
  4 bats
  3 frilled lizards (D:1)
  5 rats
83 creatures vanquished.

Notes
Turn   | Place    | Note
-------+----------+-------------------------------------------
     0 | D:1      | 601d51SH the Gnoll Fighter began the quest for the Orb.
     0 | D:1      | Reached XP level 1. HP: 23/23 MP: 1/1
   198 | D:1      | Reached XP level 2. HP: 29/29 MP: 2/2
   697 | D:1      | Reached XP level 3. HP: 35/35 MP: 3/3
  1159 | D:2      | Reached skill level 1 in Invocations
  1342 | D:2      | Reached skill level 1 in Short Blades
  1342 | D:2      | Reached skill level 1 in Long Blades
  1342 | D:2      | Reached skill level 1 in Maces & Flails
  1342 | D:2      | Reached skill level 1 in Polearms
  1342 | D:2      | Reached skill level 1 in Staves
  1342 | D:2      | Reached skill level 1 in Ranged Weapons
  1342 | D:2      | Reached skill level 1 in Throwing
  1342 | D:2      | Reached skill level 1 in Dodging
  1342 | D:2      | Reached skill level 1 in Stealth
  1342 | D:2      | Reached skill level 1 in Unarmed Combat
  1342 | D:2      | Reached skill level 1 in Spellcasting
  1342 | D:2      | Reached skill level 1 in Evocations
  1426 | D:2      | Found a white marble altar of Elyvilon.
  1447 | D:2      | Noticed Terence
  1462 | D:2      | Killed Terence
  1463 | D:2      | Reached skill level 1 in Shapeshifting
  1463 | D:2      | Reached XP level 4. HP: 36/41 MP: 5/5
  1475 | D:2      | Reached skill level 1 in Conjurations
  1475 | D:2      | Reached skill level 1 in Hexes
  1475 | D:2      | Reached skill level 1 in Summonings
  1475 | D:2      | Reached skill level 1 in Necromancy
  1475 | D:2      | Reached skill level 1 in Translocations
  1475 | D:2      | Reached skill level 1 in Fire Magic
  1475 | D:2      | Reached skill level 1 in Ice Magic
  1475 | D:2      | Reached skill level 1 in Air Magic
  1475 | D:2      | Reached skill level 1 in Earth Magic
  1475 | D:2      | Reached skill level 1 in Alchemy
  1868 | D:2      | Reached XP level 5. HP: 47/47 MP: 7/7
  2508 | D:3      | Found an opulent altar of Gozag.
  2893 | D:3      | Found a radiant altar of Vehumet.
  2900 | D:3      | Found a burning altar of Makhleb.
  3046 | D:4      | Noticed Robin
  3052 | D:4      | Killed Robin
  3315 | D:4      | Found a staircase to the Ecumenical Temple.
  3325 | Temple   | Entered the Ecumenical Temple
  3403 | D:4      | Noticed Natasha
  3413 | D:4      | Killed Natasha
  3414 | D:4      | Reached XP level 6. HP: 53/53 MP: 8/8
  3467 | D:4      | You fall into a shaft and drop 3 floors!
  3467 | D:7      | Found a hide-covered altar of Uskayaw.
  3506 | D:6      | Reached skill level 5 in Axes
  3533 | D:6      | Slain by an ogre

Illustrated notes

Levels and vault maps discovered:
D:1:      nzn_arrival_settlement, layout_loops_cross, serial_co_window_serial,
          co_window_corner_a, co_window_paths_b, co_window_paths_b,
          co_window_paths_b, co_window_paths_a, co_window_corner_a,
          co_window_corner_b, co_window_corner_ca, co_window_of_opportunity_b,
          co_window_cross_4, co_window_of_opportunity_c, co_window_corner_cb,
          co_window_of_opportunity_c, co_window_4corner_b, glass_columns_a
D:2:      layout_basic, basic_altar, uniq_terence
D:3:      layout_basic, grunt_temple_overflow_lords_of_destruction,
          grunt_gozag_breadcrumbs
D:4:      layout_basic, nicolae_ashenzari_skybound,
          minmay_temple_entry_glassed_door, serial_shops, shop, uniq_natasha,
          uniq_robin
D:6:      layout_rooms, tgw_sif, tgw_trog, mainiacjoe_overflow_cross_hatched,
          serial_shops, nicolae_shop_window_shopping, gup_sewer_entry_bowl,
          eino_curves_01, minmay_gold_behind_fungi, minmay_misc_feat_encased,
          hangedman_decor_points
D:7:      layout_loops_ring, mainiacjoe_overflow_tiny_flanked, fedhas_altar_1,
          nrook_campfire
Temple:   nicolae_temple_no_exploring_needed

Skill      XL: |  1  2  3  4  5  6 |
---------------+-------------------+-----
Invocations    | 1 2 |  2.2
Short Blades   | 1 2 |  2.0
Long Blades    | 1 2 |  2.0
Maces & Flails | 1 2 |  2.0
Polearms       | 1 2 |  2.0
Staves         | 1 2 |  2.0
Ranged Weapons | 1 2 |  2.0
Throwing       | 1 2 |  2.0
Dodging        | 1 2 |  2.0
Stealth        | 1 2 |  2.0
Unarmed Combat | 1 2 |  2.0
Spellcasting   | 1 2 |  2.0
Evocations     | 1 2 |  2.0
Shapeshifting  | 1 |  1.8
Conjurations   | 1 |  1.5
Hexes          | 1 |  1.5
Summonings     | 1 |  1.5
Necromancy     | 1 |  1.5
Translocations | 1 |  1.5
Fire Magic     | 1 |  1.5
Ice Magic      | 1 |  1.5
Air Magic      | 1 |  1.5
Earth Magic    | 1 |  1.5
Alchemy        | 1 |  1.5
Axes           | 5 |  5.0
Fighting       | |  6.8
Armour         | |  6.8
Shields        | |  6.8

Action                     |  1- 3 |  4- 6 || total
---------------------------+-------+-------++-------
  Melee: Short sword       |    90 |   126 ||   216
         Bite              |    13 |    12 ||    25
    Use: Potion            |       |     1 ||     1
   Stab: Sleeping          |       |     1 ||     1
 Armour: Scale mail        |     5 |       ||     5
         Ring mail         |    36 |   102 ||   138
  Dodge: Dodged            |    30 |    77 ||   107
  Block: Buckler           |    17 |    40 ||    57
